 Dungeon Crawl Stone Soup version 0.10.0-14-ga75c42d character file.

73506 Valor the Impaler (level 14, -15/97 HPs)
             Began as a Demonspawn Fighter on Feb 25, 2012.
             Was an Elder of Okawaru.
             Demolished by an alligator (21 damage)
             ... on Level 4 of the Swamp.
             The game lasted 01:49:27 (23734 turns).

Valor the Impaler (Demonspawn Fighter)             Turns: 23734, Time: 01:49:27

HP -15/97        AC 20     Str 21 (22) XL: 14   Next: 79%
MP  20/20        EV 11     Int 10      God: Okawaru [****..]
Gold 1283        SH 17     Dex 11 (13) Spells:  0 memorised, 13 levels left

Res.Fire  : . . .   See Invis. : .   u - +6 elf trident (pierce)
Res.Cold  : + . .   Warding    : . . a - +1 scale mail {rPois}
Life Prot.: . . .   Conserve   : .   I - +2 buckler {AC+3}
Res.Acid. : . . .   Res.Corr.  : .   (no helmet)
Res.Poison: +       Clarity    : .   t - +2 cloak
Res.Elec. : .       Spirit.Shd : .   (no gloves)
Sust.Abil.: . .     Stasis     : +   (no boots)
Res.Mut.  : .       Ctrl.Telep.: .   P - amulet of stasis
Res.Rott. : .       Levitation : .   n - ring of protection from cold
Saprovore : . . .   Ctrl.Flight: .   w - cursed ring of poison resistance

@: invisible, somewhat resistant to hostile enchantments, extremely unstealthy
A: talons 2, demonic guardian 1, -10% hp, spiny 1, AC +4, Int +1
a: Heroism, Renounce Religion


You were on level 4 of the Swamp.
You worshipped Okawaru.
Okawaru was extremely pleased with you.
You were not hungry.

You visited 5 branches of the dungeon, and saw 23 of its levels.
You visited 1 portal chamber: ice cave.

You collected 1666 gold pieces.
You spent 403 gold pieces at shops.

Inventory:

Hand weapons
 u - a +6,+6 elven trident of piercing (weapon)
Missiles
 X - 2 curare-tipped +0 needles
Armour
 a - a +1 scale mail of poison resistance (worn)
 e - a +3 splint mail
 t - a +2 cloak (worn)
 A - a cursed +0 troll leather armour of cold resistance
 I - a +2 buckler of protection (worn)
Magical devices
 c - a wand of lightning (9)
 p - a wand of digging (7) {unknown}
 r - a wand of frost (17) {unknown}
 v - a wand of polymorph other (3) {unknown}
 x - a wand of magic darts (19)
 y - a wand of digging (13) {unknown}
 z - a wand of cold (8) {unknown}
 C - a wand of digging (6) {unknown}
 H - a wand of frost (21) {unknown}
 N - a wand of lightning (4)
 Q - a wand of fire (14) {unknown}
 U - a wand of confusion (7) {unknown}
Comestibles
 b - a honeycomb
 d - 5 bread rations
 k - 3 chunks of giant leech flesh
 T - a slice of pizza
 Z - a lemon
Scrolls
 f - 6 scrolls of remove curse
 h - 3 scrolls of fog
 i - 3 scrolls of blinking
 m - 5 scrolls of detect curse
 q - 3 scrolls of recharging
 K - 3 scrolls of magic mapping
 V - a scroll of vulnerability
Jewellery
 g - a +1 ring of protection {unknown}
 l - an uncursed ring of fire
 n - a ring of protection from cold (right hand)
 o - the amulet of Pragmatism {Hunger+ +Rage rElec rN+ Int+2 Dam+4 SInv}
   (You found it on level 5 of the Dungeon)

   [amulet of rage]

   It affects your intelligence (+2).
   It affects your damage-dealing abilities (+4).
   It insulates you from electricity.
   It protects you from negative energy.
   It enhances your eyesight.
   It greatly speeds your metabolism.
 w - a cursed ring of poison resistance (left hand)
 B - a cursed ring of teleportation {unknown}
 G - an uncursed amulet of controlled flight
 M - a +4 ring of dexterity {unknown}
 P - an amulet of stasis (around neck)
Potions
 F - 2 potions of invisibility
 L - a potion of magic
 O - a potion of gain strength {unknown}
 R - a potion of resistance
 W - a potion of curing
Books
 s - a book of Power

   Spells                             Type                      Level
   Iskenderun's Mystic Blast          Conjuration                  4
   Venom Bolt                         Conjuration/Poison           5
   Bolt of Magma                      Conjuration/Fire/Earth       5
   Poisonous Cloud                    Conjuration/Poison/Air       6
   Iron Shot                          Conjuration/Earth            6
   Mass Confusion                     Hexes                        6
   Orb of Destruction                 Conjuration                  7
 S - a book of the Earth

   Spells                             Type                      Level
   Dig                                Transmutation/Earth          4
   Leda's Liquefaction                Transmutation/Earth          4
   Bolt of Magma                      Conjuration/Fire/Earth       5
   Statue Form                        Transmutation/Earth          6
   Iron Shot                          Conjuration/Earth            6
   Shatter                            Earth                        9


   Skills:
 * Level 10,6 Fighting
 + Level 15,0 Polearms
 * Level 9,8 Armour
 - Level 10,0 Dodging
 - Level 0,5 Stealth
 * Level 14,2 Shields
 - Level 0,6 Traps & Doors
 - Level 4,6 Invocations
 - Level 3,0 Evocations


You had 13 spell levels left.
You didn't know any spells.

Dungeon Overview and Level Annotations

Branches:
Dungeon (8/27)             Temple (1/1) D:4             Orc (2/4) D:6
   Lair (8/8) D:8           Swamp (4/5) Lair:5       Shoals (0/5) Lair:6
  Slime (0/6) Lair:7

Altars:
Ashenzari
Cheibriados
Elyvilon
Fedhas
Kikubaaqudgha
Makhleb
Nemelex Xobeh
Okawaru
Sif Muna
The Shining One
Trog
Vehumet
Xom
Yredelemnul
Zin

Shops:
D:4: ? Orc:2: !


Innate Abilities, Weirdness & Mutations

You have razor-sharp toenails.
You are partially covered in iridescent scales (AC +4).
A weak demonic guardian rushes to your aid.
You are partially covered in sharp spines.
Your mind is acute (Int +1).
You are frail (-10% HP).


Message History

Your lemure splashes around in the water.
Your lemure hits the alligator.
Your lemure closely misses the alligator.
The alligator bites you!
* * * LOW HITPOINT WARNING * * *
The alligator dodges your spines.
The alligator tail-slaps you but does no damage.
You block the bat's attack.
Read which item? (? for menu, Esc to quit)
You cannot teleport right now.
Your lemure hits the alligator but does no damage.
Your lemure splashes around in the water.
The alligator bites you!
* * * LOW HITPOINT WARNING * * *
You block the alligator's attack. The bat dodges your spines.
The bat hits you but does no damage. The bat misses you.
Drink which item? (? for menu, Esc to quit)
You fade into invisibility!
The alligator bites you!
You die...

.≈≈.♣≈......≈≈
≈.§§......≈≈≈≈..
≈≈≈≈.....≈≈≈≈...
≈≈≈§≈...≈.♣≈§.≈≈.
≈♣♣♣♣♣≈...≈§≈≈≈≈≈≈.
♣≈§≈♣♣♣≈≈..≈≈≈.≈≈≈≈.
♣♣≈♣♣§♣≈..5...≈≈≈§≈
♣♣♣≈♣≈♣≈≈...tb.......
≈
♣♣♣♣≈♣≈≈..≈[@.≈≈..≈≈≈
..
♣♣≈≈≈♣≈≈≈≈....≈≈≈..≈♣
≈≈≈
♣♣♣♣≈≈%§≈≈≈≈...≈§.§≈
≈.≈
♣♣♣♣≈♣≈≈.≈≈≈...≈≈.≈≈
.≈♣
♣♣§≈♣≈♣♣≈.≈≈.≈≈≈≈...
≈.§≈
♣♣≈♣♣≈≈≈....≈≈≈♣≈..
≈≈≈.
♣♣≈≈≈≈§≈...§≈≈..§.
§≈≈≈
♣♣§♣♣♣♣≈§≈≈≈≈....
≈≈§..≈ ♣♣≈♣♣♣♣♣≈♣≈≈.≈
≈≈≈....


You could see an alligator, a bat and a friendly lemure.

Vanquished Creatures
  Kirke (Swamp:2)
  Agnes (Swamp:3)
  The ghost of swamp the Thaumaturge, a powerful CeFE of Vehumet (Swamp:2)
  Erica (Lair:8)
  Josephine (Swamp:2)
  4 hydras
  3 alligators
  9 death yaks
  A very ugly thing (Swamp:1)
  2 ice devils (Port)
  2 ice statues (Port)
  A spiny worm (Lair:6)
  An alligator zombie (Swamp:2)
  3 elephant slugs
  2 griffons (Lair:6)
  14 spiny frogs
  4 black mambas
  11 slime creatures (Swamp:4)
  11 elephants
  6 komodo dragons
  6 polar bears (Lair:8)
  4 bog mummies
  10 blink frogs
  3 baby alligators (Swamp:3)
  2 trolls
  11 grizzly bears (Lair:8)
  2 basilisks
  17 yaks
  11 blue devils (Port)
  Eustachio (D:4)
  8 war dogs
  Grum (D:6)
  An item mimic (Orc:2)
  2 fire drakes
  30 vampire mosquitoes
  5 necrophages
  Menkaure (Orc:1)
  5 hippogriffs
  35 swamp worms
  7 insubstantial wisps (Swamp:2)
  5 black bears (Lair:8)
  8 giant goldfish
  7 swamp drakes
  12 ice beasts
  5 orc warriors
  3 centaurs
  7 giant slugs
  7 crocodiles
  17 water moccasins
  25 giant frogs
  4 agate snails (Lair:8)
  A giant frog skeleton (Swamp:2)
  9 big kobolds (D:6)
  A water moccasin zombie (Swamp:2)
  8 giant leeches
  A warg (Orc:2)
  3 gnoll sergeants (D:6)
  The ghost of SolidSnake the Poker, a weakling MiGl (D:7)
  3 jellyfish
  A vampire bat (Orc:1)
  3 crimson imps
  4 electric eels
  18 hounds
  2 gnoll shamans (D:6)
  8 orc priests
  A hound zombie (D:8)
  Crazy Yiuf (D:5)
  11 big fish
  2 iron imps (D:4)
  4 worker ants
  A hound skeleton (D:6)
  9 orc wizards
  7 porcupines
  A scorpion (D:8)
  9 iguanas
  15 sheep
  A worm zombie (D:2)
  2 jellies
  22 gnolls
  22 adders
  A giant centipede (Lair:1)
  A shadow imp (D:4)
  An adder zombie (D:5)
  31 green rats
  4 giant mites
  An iguana skeleton (D:4)
  9 white imps
  6 worms
  6 ufetubi
  2 grey rats (D:4)
  2 spectral bats (Orc:1)
  4 bat skeletons
  A bat zombie (Orc:1)
  3 fire bats (Orc:1)
  6 giant geckos
  An ooze (D:5)
  54 orcs
  11 giant cockroaches
  18 goblins
  9 hobgoblins
  31 jackals
  A ball python (D:1)
  32 bats
  A bat simulacrum (Orc:1)
  2 giant cockroach zombies (D:2)
  11 giant newts
  A giant newt zombie (D:2)
  2 hobgoblin skeletons
  20 kobolds
  A kobold zombie (D:2)
  An orc skeleton (D:4)
  5 quokkas
  A quokka skeleton (D:5)
  28 rats
  7 fungi
  5 plants (Lair:8)
  11 toadstools
843 creatures vanquished.

Vanquished Creatures (collateral kills)
  A slime creature (Swamp:4)
  3 spiny frogs
  A komodo dragon (Lair:8)
  2 yaks
  A vampire mosquito (Swamp:3)
  4 war dogs
  An ogre (D:7)
  An ice beast (Port)
  3 big kobolds (D:6)
  2 giant frogs
  2 jellyfish (D:8)
  2 big fish (D:8)
  3 hounds
  An orc wizard (D:7)
  A sheep (Lair:1)
  A gnoll (D:6)
  A green rat (D:4)
  A white imp (Port)
  An ufetubus (Port)
  6 orcs
  2 jackals (D:6)
  A quokka (Swamp:2)
  A rat (D:4)
  A fungus (Lair:3)
43 creatures vanquished.

Vanquished Creatures (others)
  3 slime creatures (Swamp:4)
  An electric eel (Swamp:2)
  14 iron imps
  A big fish (Swamp:2)
  2 green rats (Swamp:2)
  14 midges
  16 lemures
  26 white imps
  4 humans (Swamp:2)
  22 ufetubi
  A bat (Swamp:2)
  A grey rat (Swamp:2)
  A goblin (Orc:2)
  2 fungi (Lair:8)
  10 plants (Lair:8)
  74 toadstools
192 creatures vanquished.

Grand Total: 1078 creatures vanquished

Notes
Turn   | Place    | Note
--------------------------------------------------------------
     0 | D:1      | Valor, the Demonspawn Fighter, began the quest for the Orb.
     0 | D:1      | Reached XP level 1. HP: 18/18 MP: 0/0
   247 | D:1      | Reached XP level 2. HP: 22/24 MP: 1/1
   821 | D:2      | Noticed a giant cockroach zombie
   824 | D:2      | Killed a giant cockroach zombie
   910 | D:2      | Gained mutation: You have sharp toenails.
   910 | D:2      | Reached XP level 3. HP: 30/30 MP: 2/2
  1014 | D:2      | Noticed a worm zombie
  1030 | D:2      | Killed a worm zombie
  1030 | D:2      | Reached skill level 1 in Dodging
  1234 | D:2      | Noticed a giant cockroach zombie
  1235 | D:2      | Noticed a kobold zombie
  1241 | D:2      | Killed a kobold zombie
  1242 | D:2      | Killed a giant cockroach zombie
  1265 | D:2      | Noticed a giant newt zombie
  1272 | D:2      | Killed a giant newt zombie
  1307 | D:2      | Gained mutation: You are partially covered in iridescent scales (AC +4).
  1307 | D:2      | Reached XP level 4. HP: 36/36 MP: 3/3
  2673 | D:3      | Gained mutation: You are partially covered in sharp spines.
  2673 | D:3      | Reached XP level 5. HP: 42/42 MP: 4/4
  2961 | D:4      | Found Ofehuh's Magic Scroll Shop.
  2973 | D:4      | Bought a scroll of blinking for 66 gold pieces
  2992 | D:4      | Gained mutation: A weak demonic guardian rushes to your aid.
  2992 | D:4      | Reached XP level 6. HP: 46/48 MP: 5/5
  3006 | D:4      | Reached skill level 4 in Shields
  3010 | D:4      | Found a staircase to the Ecumenical Temple.
  3163 | D:4      | Noticed Eustachio
  3290 | D:4      | Found a blossoming altar of Fedhas.
  3300 | D:4      | Got a twisted spear
  3301 | D:4      | Identified the cursed spear of Famine {flame, Int+2} (You found it on level 4 of the Dungeon)
  3419 | D:5      | Entered Level 5 of the Dungeon
  3514 | D:5      | Got a transparent steel amulet
  3628 | D:5      | Paralysed by a potion of paralysis for 7 turns
  3817 | D:5      | Noticed Crazy Yiuf
  3823 | D:5      | Killed Crazy Yiuf
  4075 | D:6      | Noticed Grum
  4084 | D:6      | Killed Grum
  4084 | D:6      | Reached XP level 7. HP: 54/54 MP: 6/6
  4093 | D:6      | Identified the amulet of Pragmatism {+Rage Int+2} (You found it on level 5 of the Dungeon)
  4219 | D:6      | Reached skill level 5 in Shields
  4540 | D:6      | Reached XP level 8. HP: 61/61 MP: 7/7
  4676 | D:6      | Found a staircase to the Orcish Mines.
  4845 | D:6      | Noticed a big kobold
  4845 | D:6      | Noticed a big kobold
  4845 | D:6      | Noticed a big kobold
  4846 | D:6      | Noticed a big kobold
  4846 | D:6      | Noticed a big kobold
  4847 | D:6      | Killed a big kobold
  4847 | D:6      | Reached skill level 5 in Polearms
  4849 | D:6      | Noticed a big kobold
  4850 | D:6      | Noticed a big kobold
  4850 | D:6      | Noticed a big kobold
  4851 | D:6      | Killed a big kobold
  4851 | D:6      | Reached skill level 6 in Shields
  4853 | D:6      | Noticed a big kobold
  4853 | D:6      | Noticed a big kobold
  4855 | D:6      | Killed a big kobold
  4859 | D:6      | Killed a big kobold
  4862 | D:6      | Killed a big kobold
  4863 | D:6      | Killed a big kobold
  4888 | D:6      | Killed a big kobold
  4893 | D:6      | Noticed a big kobold
  4909 | D:6      | Killed a big kobold
  4913 | D:6      | Killed a big kobold
  4923 | D:6      | Killed a big kobold
  4931 | D:6      | Noticed a big kobold
  4932 | D:6      | Killed a big kobold
  4941 | D:6      | Killed a big kobold
  4941 | D:6      | Reached XP level 9. HP: 62/66 MP: 8/8
  5783 | D:4      | Killed Eustachio
  5814 | Temple   | Entered the Ecumenical Temple
  6039 | Temple   | Became a worshipper of Warmaster Okawaru
  6149 | Orc:1    | Entered Level 1 of the Orcish Mines
  6587 | Orc:1    | Reached skill level 7 in Shields
  6638 | Orc:1    | Acquired Okawaru's first power
  6828 | Orc:2    | Reached skill level 5 in Armour
  6937 | Orc:2    | Found Doirch's Distillery.
  6943 | Orc:2    | Bought 2 potions of heal wounds for 90 gold pieces
  6943 | Orc:2    | Bought 2 potions of curing for 60 gold pieces
  6943 | Orc:2    | Bought a potion of heal wounds for 45 gold pieces
  6943 | Orc:2    | Bought a potion of heal wounds for 45 gold pieces
  6943 | Orc:2    | Bought a potion of curing for 30 gold pieces
  6943 | Orc:2    | Bought a potion of curing for 30 gold pieces
  6943 | Orc:2    | Bought a potion of might for 37 gold pieces
  7194 | Orc:1    | Noticed Menkaure
  7627 | Orc:1    | Killed Menkaure
  8114 | D:7      | Reached skill level 8 in Shields
  8132 | D:7      | Reached skill level 5 in Fighting
  8191 | D:7      | Noticed SolidSnake's ghost (weakling MiGl)
  8202 | D:7      | Killed SolidSnake's ghost
  8469 | D:8      | Gained mutation: You have razor-sharp toenails.
  8469 | D:8      | Reached XP level 10. HP: 74/74 MP: 9/9
  8682 | D:8      | Reached skill level 1 in Invocations
  8689 | D:8      | Reached skill level 1 in Evocations
  8733 | D:8      | Reached skill level 5 in Dodging
  8773 | D:8      | Found a staircase to the Lair.
  8910 | D:8      | Reached skill level 9 in Shields
  9102 | Lair:1   | Entered Level 1 of the Lair of Beasts
  9449 | Lair:1   | Reached skill level 10 in Shields
  9933 | Lair:2   | Reached XP level 11. HP: 80/80 MP: 10/13
 11081 | Lair:3   | Reached skill level 11 in Shields
 11790 | Lair:4   | You fall through a shaft!
 12022 | Lair:7   | Reached skill level 10 in Polearms
 12044 | Lair:7   | Reached XP level 12. HP: 44/88 MP: 14/16
 12184 | Lair:7   | Found a staircase to the Slime Pits.
 12284 | Lair:7   | Reached skill level 12 in Shields
 12286 | Lair:7   | HP: 4/88 [death yak (15)]
 12939 | Lair:6   | Noticed a spiny worm
 13017 | Lair:6   | Killed a spiny worm
 13186 | Lair:6   | Found a staircase to the Shoals.
 14681 | Lair:8   | Entered Level 8 of the Lair of Beasts
 14911 | Lair:8   | Noticed Erica
 14925 | Lair:8   | Killed Erica
 14925 | Lair:8   | Reached XP level 13. HP: 96/96 MP: 19/19
 15012 | Lair:8   | Reached skill level 13 in Polearms
 16987 | Lair:7   | You fall through a shaft!
 17097 | Lair:8   | Gained mutation: Your body is slowly deteriorating.
 17097 | Lair:8   | Lost mutation: Your body is slowly deteriorating.
 17097 | Lair:8   | Gained mutation: You are frail (-10% HP).
 17099 | Lair:8   | Gained mutation: Your mind is acute (Int +1).
 17270 | Lair:5   | Reached skill level 14 in Polearms
 17399 | Lair:5   | Found a staircase to the Swamp.
 17410 | Lair:5   | Found a frozen archway.
 17441 | IceCv    | Entered an ice cave
 17462 | IceCv    | Acquired Okawaru's second power
 18936 | Swamp:1  | Entered Level 1 of the Swamp
 19037 | Swamp:1  | Reached skill level 10 in Dodging
 19882 | Swamp:1  | Reached XP level 14. HP: 94/94 MP: 20/20
 20276 | Swamp:2  | Noticed Kirke
 20284 | Swamp:2  | Killed Kirke
 20288 | Swamp:2  | Noticed swamp's ghost (powerful CeFE)
 20661 | Swamp:2  | Noticed Josephine
 20671 | Swamp:2  | Killed Josephine
 20985 | Swamp:2  | Killed swamp's ghost
 21482 | Swamp:3  | Noticed Agnes
 21501 | Swamp:3  | Killed Agnes
 21501 | Swamp:3  | Reached skill level 10 in Fighting
 23545 | Swamp:4  | Reached skill level 15 in Polearms
 23734 | Swamp:4  | Demolished by an alligator
